 Dungeon Crawl Stone Soup version 0.31-a0-795-g5eb97db20b (webtiles) character file.

Game seed: 9434836052689177846

320 Joey1 the Chopper (level 6, -11/40 HPs)
             Began as a Gargoyle Fighter on Sept 18, 2023.
             Killed by divine providence
             ... invoked by an orc priest
              (12 damage)
             ... on level 4 of the Dungeon.
             The game lasted 00:05:06 (2829 turns).

Joey1 the Chopper (Gargoyle Fighter)                Turns: 2829, Time: 00:05:07

Health: -11/40     AC: 15    Str: 21    XL:     6   Next: 46%
Magic:  6/6        EV:  8    Int:  9    God:
Gold:   177        SH:  0    Dex:  9    Spells: 5/5 levels left

rFire   . . .        a - +0 war axe
rCold   . . .        (no shield)
rNeg    + . .        o - +0 chain mail
rPois   ∞            q - +0 helmet
rElec   +            (no cloak)
rCorr   .            (no gloves)
SInv    .            t - +0 pair of boots
Will    .....        (no amulet) Stlth
                     (no ring)
HPRegen 0.26/turn    (no ring)
MPRegen 0.10/turn

%: no passive effects
@: no status effects
A: sickness immunity, AC +4, negative energy resistance 1, electricity
resistance, torment resistance 1, petrification resistance
a: no special abilities


You were on level 4 of the Dungeon.
You visited 1 branch of the dungeon, and saw 4 of its levels.

You collected 177 gold pieces.

Inventory:

Hand Weapons
 a - a +0 war axe (weapon)
Armour
 b - a +0 scale mail
 c - a +0 buckler
 o - a +0 chain mail (worn)
 q - a +0 helmet (worn)
 t - a +0 pair of boots (worn)
Scrolls
 f - 8 scrolls of identify {unknown}
 h - a scroll of vulnerability {unknown}
 i - a scroll of teleportation {unknown}
 j - a scroll of noise {unknown}
 k - a scroll of brand weapon {unknown}
 l - a scroll of blinking {unknown}
 p - a scroll of enchant armour {unknown}
 s - a scroll of immolation {unknown}
Potions
 d - 3 potions of might
 e - a potion of heal wounds {unknown}
 g - a potion of cancellation {unknown}
 m - a potion of resistance {unknown}
 n - a potion of brilliance {unknown}
 r - a potion of curing {unknown}


   Skills:
 - Level 5.0 Fighting
 * Level 5.1 Axes
 - Level 3.2 Armour
 - Level 3.2 Shields


You had 5 spell levels left.
You didn't know any spells.
Your spell library contained the following spells:

 Spells                   Type           Power      Damage    Failure   Level
 Ensorcelled Hibernation  Hex/Ice        0%         N/A       99%         2
 Passwall                 Tmut/Erth      0%         N/A       99%         2
 Dazzling Flash           Conj/Hex       0%         N/A       100%        3
 Swiftness                Air            0%         N/A       100%        3
 Volatile Blastmotes      Fire/Tloc      0%         2d10      100%        3
 Starburst                Conj/Fire      0%         6d3       100%        6
 Maxwell's Capacitive Co  Air            0%         ∞         100%        8


Dungeon Overview and Level Annotations

Branches:
Dungeon (4/15)
 Temple: D:4-7

Altars:

Shops:
D:1 :


Innate Abilities, Weirdness & Mutations

You are immune to sickness and miasma.
Your stone body is resilient. (AC +4)
You are immune to poison.
You resist negative energy. (rN+)
You are resistant to electric shocks. (rElec)
You are resistant to unholy torment.
You are immune to petrification.


Message History

The orc priest shouts!
An orc comes into view. It is wielding a +0 club.
The orc priest mumbles some strange prayers to Beogh against you.
Beogh smites you!
The orc priest hits you but does no damage.
A hobgoblin comes into view.
The hobgoblin shouts!
You hit the orc priest.
The orc priest is lightly wounded.
The orc priest mumbles some strange prayers to Beogh against you.
Beogh smites you!
* * * LOW HITPOINT WARNING * * *
The orc priest calls upon Beogh to heal the orc priest.
The orc priest's wounds heal themselves!
You are too injured to fight recklessly!
You slash the orc priest!
You kill the orc priest!
The orc priest hits you but does no damage.
You closely miss the orc priest.
The orc priest hits you but does no damage.
You barely miss the orc priest. You punch the orc priest.
The orc priest is lightly wounded.
The orc priest mumbles some strange prayers to Beogh against you.
Beogh smites you!
* * * LOW HITPOINT WARNING * * *
You hit the orc priest but do no damage.
The orc priest is lightly wounded.
The orc priest mumbles some strange prayers to Beogh against you.
Pain shoots through your body!
* * * LOW HITPOINT WARNING * * *
You slash the orc priest! Your punch misses the orc priest.
The orc priest is severely wounded.
The orc priest hits you with a +0 dagger.
* * * LOW HITPOINT WARNING * * *
You closely miss the orc priest.
The orc priest is severely wounded.
The orc priest hits you but does no damage.
The orc priest mumbles some strange prayers to Beogh against you.
Beogh smites you!
You die...

####################
#...goo@...........#
#.################.#
## ###.#####
..#........
#.#.#.####.
#.#.#.###..
#.#.#..........
.....).[.....#.
.#<#.#.#.#....


You could see an orc priest, an orc and a hobgoblin.

Vanquished Creatures
  A scorpion (D:4)
  An orc priest (D:4)
  Jessica (D:3)
  Natasha (thrice) (D:2)
  3 gnolls (D:4)
  3 adders (D:4)
  An ufetubus (D:4)
  A worm (D:2)
  A dart slug (D:3)
  11 orcs
  5 ball pythons
  A bat (D:3)
  3 endoplasms
  2 giant cockroaches
  4 goblins
  3 hobgoblins
  6 jackals
  3 quokkas
  3 frilled lizards
  4 kobolds
  3 rats
63 creatures vanquished.

Notes
Turn   | Place    | Note
-------+----------+-------------------------------------------
     0 | D:1      | Joey1 the Gargoyle Fighter began the quest for the Orb.
     0 | D:1      | Reached XP level 1. HP: 14/14 MP: 1/1
     7 | D:1      | Found Heitis's Vocational Training.
   483 | D:1      | Reached XP level 2. HP: 19/19 MP: 2/2
   674 | D:2      | You fall into a shaft and drop 2 floors!
   760 | D:2      | Noticed Natasha
   765 | D:2      | Killed Natasha
   766 | D:2      | Reached XP level 3. HP: 11/24 MP: 3/3
   899 | D:2      | Noticed Natasha
   909 | D:2      | Killed Natasha
   910 | D:2      | Reached XP level 4. HP: 8/29 MP: 4/4
  1092 | D:2      | Noticed Natasha
  1100 | D:2      | Killed Natasha
  1664 | D:3      | Noticed Jessica
  1671 | D:3      | Killed Jessica
  1672 | D:3      | Reached XP level 5. HP: 29/34 MP: 5/5
  2690 | D:4      | Reached XP level 6. HP: 28/40 MP: 6/6
  2761 | D:4      | Reached skill level 5 in Fighting
  2761 | D:4      | Reached skill level 5 in Axes
  2826 | D:4      | HP: 2/40 [orc priest/divine providence (11)]
  2829 | D:4      | Killed from afar by an orc priest

Illustrated notes

Levels and vault maps discovered:
D:1:      giann_bridges, layout_loops_ring, grunt_decor_fettered,
          nicolae_shop_vocational
D:2:      layout_loops_ring, uniq_natasha
D:3:      layout_loops_corners, uniq_jessica
D:4:      layout_loops_ring

Skill      XL: |  1  2  3  4  5  6 |
---------------+-------------------+-----
Axes           | 2 3 4 5 |  5.1
Fighting       | 4 5 |  5.0
Armour         | |  3.2
Shields        | |  3.2

Action                     |  1- 3 |  4- 6 || total
---------------------------+-------+-------++-------
  Melee: War axe           |    50 |   184 ||   234
         Punch             |       |     2 ||     2
 Armour: Scale mail        |    50 |    49 ||    99
         Chain mail        |       |   132 ||   132
  Dodge: Dodged            |    20 |   120 ||   140

Table legend: (Time is in decaauts)
 A = Elapsed time spent in this place.
 B = Non-inter-level travel time spent in this place.
 C = Inter-level travel time spent in this place.
 D = Time resting spent in this place.
 E = Time spent auto-exploring this place.
 F = Levels seen in this place.
 G = Mean time per level.
                   A        B        C        D        E       F      G
               +--------+--------+--------+--------+--------+-----+--------+
         Total |   2917 |   2837 |     80 |    101 |   2196 |   4 |  729.2 |
       Dungeon |   2917 |   2837 |     80 |    101 |   2196 |   4 |  729.2 |
               +--------+--------+--------+--------+--------+-----+--------+

Top non-repeatable levels by time:
     D:2: 832 daAuts
     D:3: 798 daAuts
     D:4: 719 daAuts
     D:1: 567 daAuts
